 Dungeon Crawl Stone Soup version 0.28.0 (webtiles) character file.

Game seed: 4558197761438670339

8705 danielguo94 the Basher (level 11, -8/66 HPs)
             Began as a Gargoyle Fighter on Feb 8, 2022.
             Was a Priest of the Shining One.
             Mangled by a boulder beetle (48 damage)
             ... on level 7 of the Dungeon.
             The game lasted 00:14:02 (9362 turns).

danielguo94 the Basher (Gargoyle Fighter)           Turns: 9362, Time: 00:14:03

Health: -8/66      AC: 20    Str: 23    XL:     11   Next: 35%
Magic:  12/13      EV: 15    Int:  8    God:    the Shining One [***...]
Gold:   599        SH: 19    Dex: 17    Spells: 10/10 levels left

rFire   . . .      SeeInvis .   C - +2 morningstar (freeze)
rCold   . . .      Faith    .   c - +0 buckler
rNeg    + + .      Spirit   .   b - +0 scale mail
rPois   ∞          Reflect  +   (no helmet)
rElec   +          Harm     .   (no cloak)
rCorr   .          Rampage  .   A - +0 pair of gloves
Will    .....                   D - +2 pair of boots
Stlth   ..........              k - amulet of reflection
HPRegen 0.21/turn               E - +6 ring of dexterity
MPRegen 0.13/turn               H - +4 ring of evasion

@: divinely shielded, glowing
A: sickness immunity, AC +8, negative energy resistance 1, electricity
resistance, torment resistance 1, petrification resistance
a: Renounce Religion, Divine Shield, Cleansing Flame


You were on level 7 of the Dungeon.
You worshipped the Shining One.
The Shining One was most pleased with you.
You visited 2 branches of the dungeon, and saw 11 of its levels.
You also visited: Ossuary.

You collected 599 gold pieces.

Inventory:

Hand Weapons
 C - a +2 morningstar of freezing (weapon)
 F - a +5 mace of freezing
Missiles
 g - 228 stones (quivered)
 r - 13 poisoned darts
 w - 4 silver boomerangs
Armour
 b - a +0 scale mail (worn)
 c - a +0 buckler (worn)
 A - a +0 pair of gloves (worn)
 D - a +2 pair of boots (worn)
Jewellery
 k - an amulet of reflection (around neck)
 E - a +6 ring of dexterity (left hand)
 H - a +4 ring of evasion (right hand)
Wands
 a - a wand of digging (3)
 d - a wand of charming (17)
 n - a wand of paralysis (8)
 q - a wand of iceblast (20)
 v - a wand of flame (7)
Scrolls
 e - a scroll of blinking
 h - 2 scrolls of enchant weapon
 l - 2 scrolls of holy word
 m - 2 scrolls of immolation
 p - a scroll of enchant armour {unknown}
 x - 8 scrolls of teleportation
 y - a scroll of fog {unknown}
Potions
 f - 7 potions of curing
 i - a potion of heal wounds {unknown}
 j - 2 potions of berserk rage
 o - 3 potions of magic
 s - 4 potions of lignification
 t - a potion of cancellation {unknown}
 u - a potion of resistance {unknown}
 z - 2 potions of attraction
 B - a potion of brilliance {unknown}
 G - a potion of flight {unknown}
 I - 2 potions of invisibility {unknown}


   Skills:
 + Level 6.9 Fighting
 * Level 12.6 Maces & Flails
 + Level 6.9 Armour
 + Level 3.9 Dodging
 + Level 8.2 Shields
 * Level 3.8 Invocations


You had 10 spell levels left.
You didn't know any spells.
Your spell library contained the following spells:

 Spells                   Type           Power      Damage    Failure   Level
 Apportation              Tloc           0%         N/A       77%         1
 Sandblast                Erth           0%         2d4       77%         1
 Passwall                 Tmut/Erth      0%         N/A       88%         2
 Ignite Poison            Fire/Tmut/Pois 0%         N/A       98%         3
 Mephitic Cloud           Conj/Pois/Air  0%         N/A       98%         3
 Stone Arrow              Conj/Erth      0%         3d7       98%         3
 Alistair's Intoxication  Tmut/Pois      0%         N/A       100%        5
 Freezing Cloud           Conj/Ice/Air   0%         6-21      100%        5


Dungeon Overview and Level Annotations

Branches:
Dungeon (10/15)            Temple (1/1) D:7             Orc (0/2) D:9
Ossuary (visited)
   Lair: D:8-11

Altars:
Cheibriados
Qazlal
Sif Muna
Trog
Xom
Yredelemnul
The Shining One
Beogh

Shops:
D:2 (([

Annotations:
D:9 3 runed translucent doors, HallandMoats's ghost, novice TrMo


Innate Abilities, Weirdness & Mutations

You are immune to sickness and miasma.
Your stone body is resilient. (AC +8)
You are immune to poison.
You resist negative energy. (rN+)
You are resistant to electric shocks. (rElec)
You are resistant to unholy torment.
You are immune to petrification.


Message History

The boulder beetle is almost dead.
The boulder beetle closely misses you.
You hit the boulder beetle but do no damage.
The boulder beetle is almost dead.
The boulder beetle leaps!
Aiming: Iceblast
Press: ? - help, Shift-Dir - straight line, f - boulder beetle
Aim: a boulder beetle (almost dead)
The mass of ice explodes!
The iceblast engulfs the boulder beetle but does no damage.
The boulder beetle is almost dead.
The boulder beetle curls into a ball and begins rolling!
Unknown command.
Unknown command.
Aiming: Iceblast
Press: ? - help, Shift-Dir - straight line, f/p - boulder beetle
Aim: a boulder beetle (almost dead, rolling)
The mass of ice explodes!
The iceblast engulfs the boulder beetle!
The boulder beetle is almost dead.
Unknown command.
Unknown command.
Aiming: Iceblast
Press: ? - help, Shift-Dir - straight line, f/p - boulder beetle
Aim: a boulder beetle (almost dead, rolling)
The mass of ice explodes!
The iceblast engulfs the boulder beetle but does no damage.
The boulder beetle is almost dead.
Unknown command.
Unknown command.
Unknown command.
Aiming: Iceblast
Press: ? - help, Shift-Dir - straight line, f/p - boulder beetle
Aim: a boulder beetle (almost dead, rolling, haloed)
The mass of ice explodes!
The iceblast engulfs the boulder beetle but does no damage.
The boulder beetle is almost dead.
The boulder beetle hits you!!!
Ouch! That really hurt!
You die...

#.[.8# #
#'#### #
#)÷..#
#....#
#...°# . #
#...°# .. #
#...○# y.. #
#...B# ....
# #...@#
..... #
#...†#......
#
#...[)......
#
############
##### #....
#.### #.#..
#.#.# #.#.#


You could see a boulder beetle (rolling).

Vanquished Creatures
  A two-headed ogre (D:7)
  Pikel (D:7)
  A manticore (D:7)
  Joseph (D:8)
  Maggie (D:6)
  2 komodo dragons (D:10)
  Prince Ribbit (D:7)
  A vampire (D:9)
  A wyvern (D:10)
  8 vampire mosquitoes
  An acid dragon (D:9)
  2 water moccasins
  An ice beast (D:6)
  2 orc warriors
  2 sky beasts (D:5)
  A necrophage (D:6)
  2 ogres
  5 centaurs
  3 phantoms
  Blork the orc (D:6)
  2 bullfrogs
  2 gnoll sergeants
  A scorpion (D:6)
  2 wyvern skeletons
  A water moccasin skeleton (D:4)
  4 killer bees
  17 wights
  4 howler monkeys
  4 centaur zombies
  2 bullfrog zombies
  2 jellies (D:6)
  2 human zombies (Ossuary)
  A gnoll shaman (D:6)
  5 centaur skeletons
  2 bullfrog skeletons
  4 orc priests (D:9)
  3 hounds
  3 orc wizards
  A scorpion zombie (D:5)
  A killer bee zombie (D:9)
  4 mummies (Ossuary)
  3 howler monkey zombies
  6 adders
  6 gnolls
  2 white imps (D:7)
  2 ufetubi
  An adder skeleton (D:5)
  3 worms
  2 dart slugs (D:2)
  19 orcs
  9 endoplasms
  3 giant cockroaches
  A gnoll zombie (Ossuary)
  3 goblins
  6 hobgoblins
  7 jackals
  4 kobolds
  5 quokkas
  7 ball pythons
  9 bats
  6 frilled lizards
  A goblin zombie (Ossuary)
  2 hobgoblin zombies (Ossuary)
  A kobold zombie (Ossuary)
  An orc zombie (Ossuary)
  4 rats
218 creatures vanquished.

Vanquished Creatures (others)
  An orc wizard (D:7)
1 creature vanquished.

Grand Total: 219 creatures vanquished

Notes
Turn   | Place    | Note
-------+----------+-------------------------------------------
     0 | D:1      | danielguo94 the Gargoyle Fighter began the quest for the
                  | Orb.
     0 | D:1      | Reached XP level 1. HP: 14/14 MP: 1/1
   160 | D:1      | Reached XP level 2. HP: 11/19 MP: 2/2
   547 | D:1      | Reached XP level 3. HP: 23/23 MP: 3/3
   813 | D:2      | Found Qati's Weapon Shoppe.
   835 | D:2      | Found Xoebryg's Antique Armour Shoppe.
   849 | D:2      | Identified the +0 robe of the Pink Corner {rF++ Regen+}
   946 | D:2      | Reached skill level 3 in Maces & Flails
  1051 | D:2      | Reached XP level 4. HP: 22/28 MP: 4/4
  1054 | D:2      | Found Vorhomokh's Weapon Emporium.
  2058 | D:4      | Noticed a phantom
  2097 | D:3      | Killed a phantom
  2098 | D:3      | Reached skill level 4 in Maces & Flails
  2098 | D:3      | Reached XP level 5. HP: 9/32 MP: 5/5
  2469 | D:4      | Reached skill level 1 in Dodging
  2508 | D:4      | Reached XP level 6. HP: 37/38 MP: 6/6
  2989 | D:5      | Entered Level 5 of the Dungeon
  3010 | D:5      | Noticed a water moccasin
  3024 | D:5      | Killed a water moccasin
  3025 | D:5      | Reached skill level 5 in Maces & Flails
  3046 | D:5      | Noticed a sky beast
  3049 | D:5      | Reached XP level 7. HP: 43/43 MP: 7/7
  3145 | D:5      | Reached skill level 6 in Maces & Flails
  3267 | D:5      | Reached skill level 5 in Shields
  3398 | D:5      | Reached XP level 8. HP: 32/48 MP: 8/8
  3618 | D:5      | Reached skill level 7 in Maces & Flails
  4046 | D:6      | Noticed Maggie
  4064 | D:6      | Killed Maggie
  4065 | D:6      | Reached skill level 8 in Maces & Flails
  4065 | D:6      | Reached skill level 5 in Armour
  4178 | D:6      | Noticed Blork the orc
  4189 | D:6      | Killed Blork the orc
  4212 | D:6      | Reached XP level 9. HP: 46/53 MP: 9/9
  4348 | D:6      | Reached skill level 5 in Fighting
  4348 | D:6      | Reached skill level 9 in Maces & Flails
  4369 | D:6      | Found a sand-covered staircase.
  4397 | Ossuary  | Entered an ossuary
  5161 | D:7      | Noticed Prince Ribbit
  5572 | D:7      | Reached skill level 10 in Maces & Flails
  5652 | D:7      | Found a staircase to the Ecumenical Temple.
  5661 | Temple   | Entered the Ecumenical Temple
  5714 | Temple   | Became a worshipper of the Shining One
  5876 | D:7      | Killed Prince Ribbit
  6029 | D:7      | Found a stormy altar of Qazlal.
  6387 | D:8      | Noticed Joseph
  6390 | D:8      | Reached XP level 10. HP: 53/60 MP: 10/10
  6511 | D:8      | Noticed Pikel
  6531 | D:7      | Killed Pikel
  6587 | D:8      | Killed Joseph
  6588 | D:8      | Reached skill level 11 in Maces & Flails
  6873 | D:8      | Reached * piety under the Shining One
  7245 | D:7      | Noticed a two-headed ogre
  7252 | D:7      | Killed a two-headed ogre
  7252 | D:7      | Noticed a boulder beetle
  7253 | D:7      | Reached skill level 1 in Invocations
  7553 | D:9      | Found a staircase to the Orcish Mines.
  7787 | D:9      | Reached ** piety under the Shining One
  8159 | D:9      | Found a runed translucent gate.
  8159 | D:9      | Found a runed translucent gate.
  8159 | D:9      | Found a runed translucent gate.
  8268 | D:9      | Noticed HallandMoats's ghost (novice TrMo)
  8535 | D:10     | Entered Level 10 of the Dungeon
  8566 | D:10     | Reached skill level 12 in Maces & Flails
  8566 | D:10     | Reached XP level 11. HP: 66/66 MP: 13/13
  8625 | D:10     | Reached *** piety under the Shining One
  9338 | D:7      | Noticed a manticore
  9345 | D:7      | Killed a manticore
  9362 | D:7      | Mangled by a boulder beetle

Illustrated notes

Levels and vault maps discovered:
D:1:      heliophobic_arrival_enchanted_forest, layout_loops_cross,
          minmay_tromino_v4_b
D:2:      layout_loops_cross, serial_shops, nicolae_shop_behind_doors,
          nicolae_shop_bloodbath_and_beyond, nicolae_shop_behind_doors,
          hex_large, chequers_serial_rivers_marsh
D:3:      layout_basic, grunt_decor_fettered, kennysheep_nondescript,
          chequers_mini_garden, minmay_misc_feat_roman, interstate_on_off,
          hangedman_decor_diamond_cutter, hangedman_abyss_or_decor_lesser_grid
D:4:      layout_gridville, serial_glass, glass_columns_b, glass_columns_c
D:5:      layout_loops_ring, kennysheep_big_empty_room
D:6:      layout_basic, nicolae_ossuary_entry_monument, uniq_maggie,
          uniq_blork_the_orc
D:7:      minmay_klotski, layout_basic,
          mainiacjoe_overflow_concentric_impassable,
          minmay_temple_entry_nine_rooms, minmay_diced_spiral,
          uniq_prince_ribbit1
D:8:      layout_rooms, uniq_pikel, uniq_joseph
D:9:      layout_cross, minmay_orc_entry_temple_small, gammafunk_ghost_icy,
          nicolae_elevator_lobby_plus
D:10:     layout_loops_ring, grunt_decor_junction
Temple:   mainiacjoe_temple_hex_bubbles

Skill      XL: |  1  2  3  4  5  6  7  8  9 10 11 |
---------------+----------------------------------+-----
Maces & Flails | 3 4 5 6 8 10 12 | 12.6
Armour         | 4 5 6 |  6.9
Shields        | 4 5 6 7 8 |  8.2
Dodging        | 1 2 3 |  3.9
Fighting       | 4 5 6 |  6.9
Invocations    | 2 3 |  3.8

Action                   |  1- 3 |  4- 6 |  7- 9 | 10-12 || total
-------------------------+-------+-------+-------+-------++-------
Melee: Flail             |    33 |       |       |       ||    33
       Mace              |    70 |   232 |   481 |       ||   783
       Morningstar       |       |       |    18 |   264 ||   282
Invok: Divine Shield     |       |       |       |     1 ||     1
Evoke: Wand              |       |       |     1 |     4 ||     5
  Use: Potion            |       |     1 |     1 |       ||     2
       Scroll            |       |     5 |     2 |     3 ||    10
Armor: Scale mail        |    45 |   156 |   221 |   110 ||   532
Dodge: Dodged            |    45 |   111 |   168 |   145 ||   469
Block: Buckler           |    35 |   136 |   212 |   163 ||   546
       Reflection        |     1 |     3 |     1 |     3 ||     8
